 Dungeon Crawl Stone Soup version 0.30-a0-711-gf4ac18a38d (webtiles) character file.

Game seed: 16285820152437792122

2 flotson the Sneak (level 1, 0/18 HPs)
             Began as a Demonspawn Delver on Jan 22, 2023.
             Slain by an adder (2 damage)
             ... on level 3 of the Dungeon.
             The game lasted 00:03:02 (371 turns).

flotson the Sneak (Demonspawn Delver)                Turns: 371, Time: 00:03:03

Health: 0/18       AC:  3    Str: 12    XL:     1   Next: 25%
Magic:  1/1        EV: 11    Int: 11    God:
Gold:   49         SH:  0    Dex: 14    Spells: 0/0 levels left

rFire   . . .      SeeInvis .    a - +0 hand axe
rCold   . . .      Faith    .    (no shield)
rNeg    . . .      Spirit   .    b - +0 leather armour
rPois   .          Reflect  .    (no helmet)
rElec   .          Harm     .    (no cloak)
rCorr   .          Rampage  .    (no gloves)
Will    .....                    (no boots)
Stlth   ++                       (no amulet)
HPRegen 0.23/turn                (no ring)
MPRegen 0.07/turn                (no ring)

@: lethally poisoned (0 -> -5)
A: no striking features
a: no special abilities


You were on level 3 of the Dungeon.
You visited 1 branch of the dungeon, and saw 3 of its levels.

You collected 49 gold pieces.

Inventory:

Hand Weapons
 a - a +0 hand axe (weapon)
Armour
 b - a +0 leather armour (worn)
 f - a +0 scale mail
Wands
 g - a wand of digging (3)
Scrolls
 c - a scroll of fog
 d - a scroll of identify {unknown}
 e - a scroll of fear
Potions
 h - a potion of attraction {unknown}


   Skills:
 + Level 3.0 Fighting
 + Level 1.8 Axes
 + Level 0.0 Armour
 + Level 1.8 Dodging
 + Level 4.5 Stealth
 + Level 0.0 Evocations


You couldn't memorise any spells.
You didn't know any spells.
Your spell library was empty.

Dungeon Overview and Level Annotations

Branches:
Dungeon (5/15)             Temple (0/1) D:5

Altars:

Annotations:
D:5 Dowan, Duvessa


Message History

A gnoll comes into view.
It is wielding a +0 spear. 2 gnolls come into view.
The gnoll shouts!
The gnoll hits you from afar with a +0 spear.
The gnoll hits you from afar with a +0 spear.
You see here a scroll labelled OGISACINWA.
d - a scroll labelled OGISACINWA The gnoll hits you from afar with a +0 spear.
* * * LOW HITPOINT WARNING * * *
Found a stone staircase leading up.
There is a stone staircase leading up here.
The gnoll hits you from afar with a +0 spear.
* * * LOW HITPOINT WARNING * * *
You climb upwards.
Found 14 gold pieces and two scale mails.
Found a stone staircase leading down.
There is a stone staircase leading down here.
You hit the frilled lizard.
You kill the frilled lizard!
You start resting.
HP restored.
The adder hisses angrily.
You see here a +0 scale mail.
f - a +0 scale mail You closely miss the adder.
The adder bites you. The adder barely misses you.
You barely miss the adder. The adder bites you.
You closely miss the adder. The adder bites you. x2
You are poisoned.
The adder poisons you!
You miss the adder.
You feel very sick. The adder bites you but does no damage.
The adder bites you.
You barely miss the adder.
You feel sick. The adder bites you.
* * * LOW HITPOINT WARNING * * *
You are lethally poisoned!
The adder poisons you!
You barely miss the adder.
* * * LOW HITPOINT WARNING * * *
You feel sick. The adder bites you.
You die...

#########.#
#..@S.[....
#.†>.......
#...$......
#..........
#..........
#.>........
#########+#


You could see an adder.

Vanquished Creatures
  A quokka (D:5)
  A frilled lizard (D:3)
2 creatures vanquished.

Notes
Turn   | Place    | Note
-------+----------+-------------------------------------------
     0 | D:5      | flotson the Demonspawn Delver began the quest for the Orb.
     0 | D:5      | Reached XP level 1. HP: 18/18 MP: 1/1
    13 | D:5      | Noticed Dowan
    13 | D:5      | Noticed an ogre
    13 | D:5      | Noticed Duvessa
    26 | D:5      | Noticed a hound
    84 | D:5      | Noticed a jelly
   168 | D:5      | Noticed a necrophage
   251 | D:5      | Noticed a black bear
   371 | D:3      | Slain by an adder

Illustrated notes

Levels and vault maps discovered:
D:3:      layout_basic, trog_book, shapermc_ecumenical_altar_pompeii,
          minmay_misc_feat_rugged
D:4:      layout_rooms, serial_shops, nicolae_inconvenience_store,
          minmay_misc_feat_four_crosses, roderic_roman_lattice,
          minmay_misc_feat_room
D:5:      layout_cave_pools, lemuel_tele_altar,
          minmay_temple_entry_stoned_glass, uniq_grinder, uniq_duvessa

Action                     || total
---------------------------++-------
  Melee: Hand axe          ||     8
    Use: Scroll            ||     1
         Potion            ||     1
 Armour: Leather armour    ||     2
  Dodge: Dodged            ||     2

Table legend: (Time is in decaauts)
 A = Elapsed time spent in this place.
 B = Non-inter-level travel time spent in this place.
 C = Inter-level travel time spent in this place.
 D = Time resting spent in this place.
 E = Time spent auto-exploring this place.
 F = Levels seen in this place.
 G = Mean time per level.
                   A        B        C        D        E       F      G
               +--------+--------+--------+--------+--------+-----+--------+
         Total |    358 |    358 |      0 |    112 |     32 |   3 |  119.3 |
       Dungeon |    358 |    358 |      0 |    112 |     32 |   3 |  119.3 |
               +--------+--------+--------+--------+--------+-----+--------+

Top non-repeatable levels by time:
     D:5: 245 daAuts
     D:3: 70 daAuts
     D:4: 42 daAuts
